Map: Arctic Dream LE

Players

Metaspace - Winner!

  • Race: Zerg Zerg
  • League: Diamond
  • Spawn Location: 11:00

Stonator - Winner!

  • Race: Protoss Protoss
  • Spawn Location: 12:00

qqq

  • Race: Protoss Protoss
  • Spawn Location: 6:00

Massa

  • Race: Terran Terran
  • League: Platinum
  • Spawn Location: 5:00

VOD

Have the link to the VOD?

Description

Time

  • Played on: Oct. 8, 2020, 3:41 p.m.
  • Length: 4:22
Show
View Real Time Build Order
Export as new Build Order

Metaspace Zerg - Winner!

Build Orders: Pool First 

Get SALT Encoding   

  12  0:01  Drone  
  13  0:15  Overlord  
  13  0:18  Drone  
  14  0:34  Drone x2  
  16  0:38  Drone  
  17  0:47  Spawning Pool  
  16  0:50  Drone  
  17  0:58  Extractor  
  17  0:59  Drone  
  17  1:13  Drone  
  18  1:21  Drone  
  19  1:38  Queen  
  20  1:43  Hatchery  
  20  1:47  Zergling x4  
  21  1:56  Overlord  
  21  2:05  Metabolic Boost  
  21  2:18  Queen  
  23  2:32  Hatchery  
  23  2:36  Zergling x2  
  23  2:39  Zergling x2  
  23  2:41  Zergling x2  
  25  2:51  Overlord  
  25  3:02  Zergling x4  
  25  3:03  Zergling x4  
  29  3:11  Queen  
  31  3:20  Zergling x4  
  31  3:21  Zergling x2  
  33  3:52  Drone x8  
Show
View Real Time Build Order
Export as new Build Order

Stonator Protoss - Winner!

Build Orders:  

Get SALT Encoding   

  12  0:00  Probe  
  13  0:13  Probe  
  14  0:18  Pylon  
  14  0:25  Probe  
  15  0:37  Probe  
  15  0:38  Gateway  
  16  0:49  Probe  
  17  0:50  Assimilator  
  17  1:01  Probe  
  17  1:02  Pylon  
  18  1:13  Probe  
  19  1:24  Gateway  
  19  1:25  Probe  
  20  1:27  Cybernetics Core  
  20  1:35  Assimilator  
  20  1:37  Probe  
  21  1:49  Probe  
  22  2:01  Probe  
  22  2:04  Stalker  
  25  2:10  Pylon  
  25  2:11  Stalker (Chrono Boost), Warp Gate (Chrono Boost)  
  29  2:38  Stalker (Chrono Boost)  
  29  2:41  Stalker (Chrono Boost)  
  29  2:43  Pylon  
  31  3:02  Stalker  
  31  3:04  Stalker  
  35  3:27  Nexus  
  35  3:32  Stalker  
  37  3:37  Stalker  
Show
View Real Time Build Order
Export as new Build Order

qqq Protoss 

Build Orders: 1 Gate Expand 

Get SALT Encoding   

  12  0:00  Probe  
  13  0:12  Probe  
  14  0:21  Pylon  
  14  0:25  Probe  
  15  0:39  Probe  
  16  0:50  Gateway  
  16  0:52  Probe  
  17  1:10  Probe  
  18  1:23  Nexus  
  18  1:27  Probe  
  19  1:39  Probe  
  20  1:52  Probe  
  21  1:58  Cybernetics Core  
  21  2:03  Assimilator  
  21  2:04  Probe  
  21  2:07  Assimilator  
  22  2:08  Pylon  
  22  2:16  Probe  
  23  2:28  Probe (Chrono Boost)  
  24  2:38  Forge  
  24  2:40  Probe (Chrono Boost)  
  24  2:42  Pylon  
  26  2:44  Probe (Chrono Boost)  
  26  2:45  Probe (Chrono Boost)  
  26  2:49  Stalker  
  29  2:55  Probe  
  29  2:56  Probe  
  31  3:07  Probe  
  31  3:08  Probe  
  31  3:12  Gateway  
  33  3:19  Stalker  
  35  3:22  Twilight Council  
  35  3:32  Probe  
  35  3:33  Probe  
  37  3:40  Robotics Facility  
  35  3:49  Photon Cannon  
Show
View Real Time Build Order
Export as new Build Order

Massa Terran 

Build Orders: Reaper Expand 

Get SALT Encoding   

  12  0:00  SCV  
  13  0:12  SCV  
  14  0:17  Supply Depot  
  14  0:24  SCV  
  15  0:39  SCV  
  15  0:41  Barracks  
  16  0:51  SCV  
  16  0:54  Refinery  
  17  1:03  SCV  
  18  1:15  SCV  
  19  1:39  Reaper  
  20  1:43  Command Center  
  21  1:54  Orbital Command  
  21  1:55  Supply Depot  
  20  2:12  Refinery  
  20  2:19  Marine  
  21  2:23  SCV  
  21  2:24  Factory  
  22  2:36  SCV  
  23  2:39  Barracks Reactor  
  23  2:48  SCV  
  24  3:03  SCV  
  24  3:05  Orbital Command  
  24  3:10  Starport  
  24  3:12  Widow Mine  
  26  3:15  SCV  
  26  3:16  Marine x2  
  29  3:20  Supply Depot  
  29  3:26  Engineering Bay  
  29  3:27  SCV  
  29  3:33  SCV  
  29  3:34  Widow Mine, Marine x2  
  33  3:39  SCV  
  36  3:46  SCV  
  37  3:51  SCV  
Tags
 
Add a new tag
Caveats
  • Supply blocks, unpowered buildings, or Contaminate may cause inaccurate times.
  • Supply counts are checked every 10 seconds.